 Dungeon Crawl Stone Soup version 0.26-a0-362-g1d9a9cd4fa (webtiles) character file.

Game seed: 11302386490565774517

259 BritishOli the Skirmisher (level 5, -8/42 HPs)
             Began as a Demonspawn Fighter on July 18, 2020.
             Killed by divine providence
             ... invoked by an orc priest
              (10 damage)
             ... on level 3 of the Dungeon.
             The game lasted 00:02:23 (2784 turns).

BritishOli the Skirmisher (Demonspawn Fighter)      Turns: 2784, Time: 00:02:23

Health: -8/42      AC: 13    Str: 17    XL:     5   Next: 95%
Magic:  5/5        EV:  6    Int: 10    God:
Gold:   155        SH:  8    Dex: 12    Spells: 4/4 levels left

rFire    . . .     SeeInvis .   a - +0 long sword
rCold    . . .     Faith    .   c - +0 kite shield
rNeg     . . .     Spirit   .   b - +0 scale mail
rPois    .         Reflect  .   (helmet restricted)
rElec    .         Harm     .   p - +0 cloak
rCorr    .                      k - +0 pair of gloves
MR       .....                  q - +0 pair of boots
Stlth    ..........             (no amulet)
HPRegen  0.14/turn              (no ring)
MPRegen  0.09/turn              (no ring)

@: drained
A: horns 1, icy blue scales 2
a: no special abilities


You were on level 3 of the Dungeon.
You visited 1 branch of the dungeon, and saw 3 of its levels.

You collected 155 gold pieces.

Inventory:

Hand Weapons
 a - a +0 long sword (weapon)
Armour
 b - a +0 scale mail (worn)
 c - a +0 kite shield (worn)
 k - a +0 pair of gloves (worn)
 p - a +0 cloak (worn)
 q - a +0 pair of boots (worn)
Scrolls
 e - a scroll of teleportation {unknown}
 g - a scroll of fog {unknown}
 j - a scroll of random uselessness {unknown}
 l - 4 scrolls of identify {unknown}
 m - a scroll of blinking {unknown}
 n - 2 scrolls of magic mapping {unknown}
 r - a scroll of immolation {unknown}
Potions
 d - a potion of might
 f - 3 potions of flight {unknown}
 h - a potion of curing {unknown}
 i - 2 potions of degeneration {unknown}
 o - a potion of heal wounds {unknown}


   Skills:
 + Level 4.1(3.0) Fighting
 + Level 3.2(2.1) Long Blades
 + Level 3.8(2.7) Armour
 + Level 3.8(2.7) Shields


You had 4 spell levels left.
You didn't know any spells.
Your spell library was empty.

Dungeon Overview and Level Annotations

Branches:
Dungeon (3/15)

Altars:
Sif Muna


Innate Abilities, Weirdness & Mutations

You have a pair of small horns on your head.
You are mostly covered in icy blue scales. (AC +3)


Message History

The orc priest is moderately wounded.
The orc priest closely misses you. The orc hits you but does no damage.
The orc priest hits you but does no damage.
The orc hits you but does no damage.
Unknown command.
You hit the orc priest.
The orc priest is moderately wounded.
The orc priest barely misses you.
The orc hits you with a +1 trident of protection.
* * * LOW HITPOINT WARNING * * *
Unknown command.
You hit the orc priest but do no damage.
The orc priest is moderately wounded.
You block the orc priest's attack. The orc hits you but does no damage.
Unknown command.
You barely miss the orc priest.
The orc priest is moderately wounded.
The orc priest invokes the aid of Beogh against you.
Beogh smites you!
You die...

..........# .##.#.##..#
.##.#.# # ......# ### ##
#.#.#.## #.. .# ....#...
#.# .# #.#.#.##.
#.#########.#### ..#...#
.########.##............
....#.##
.......@)...............
..#.#...
#.####oo#########..##.##
......##. #.........
##.##.# .##.#.#
#(......... #.##.#
.......
#..........o#.##.#
#.###(##
#......o..oo#..#.#
........
#.......o..o#....##
###.####
##.........##.##...
###.## #........#
#.#####


You could see an orc priest and an orc.

Vanquished Creatures
  Crazy Yiuf (D:2)
  Jessica (D:2)
  Terence (D:2)
  Robin (D:2)
  4 adders
  4 oozes (D:1)
  4 worms
  3 dart slugs
  3 leopard geckos
  5 orcs
  A ball python (D:3)
  5 bats
  13 giant cockroaches
  9 goblins
  7 hobgoblins
  4 jackals (D:1)
  2 quokkas
  7 frilled lizards
  6 kobolds
  10 rats
91 creatures vanquished.

Notes
Turn   | Place    | Note
-------+----------+-------------------------------------------
     0 | D:1      | BritishOli the Demonspawn Fighter began the quest for the
                  | Orb.
     0 | D:1      | Reached XP level 1. HP: 18/18 MP: 1/1
     1 | D:1      | Found a runed translucent door.
   162 | D:1      | Gained mutation: You have a pair of small horns on your
                  | head. [demonic ancestry]
   162 | D:1      | Reached XP level 2. HP: 21/24 MP: 2/2
   186 | D:1      | Reached XP level 3. HP: 20/29 MP: 3/3
   897 | D:2      | Gained mutation: You are partially covered in icy blue
                  | scales. (AC +2) [demonic ancestry]
   897 | D:2      | Reached XP level 4. HP: 35/35 MP: 4/4
   968 | D:2      | Noticed Jessica
   972 | D:2      | Killed Jessica
  1009 | D:2      | Noticed Terence
  1019 | D:2      | Killed Terence
  1118 | D:2      | Gained mutation: You are mostly covered in icy blue scales.
                  | (AC +3) [demonic ancestry]
  1118 | D:2      | Reached XP level 5. HP: 28/42 MP: 5/5
  1292 | D:2      | Noticed Robin
  1313 | D:2      | Killed Robin
  1527 | D:2      | Found a runed translucent door.
  1528 | D:2      | Noticed Crazy Yiuf
  1960 | D:2      | Killed Crazy Yiuf
  1960 | D:2      | Reached skill level 4 in Fighting
  2588 | D:3      | Found a shimmering blue altar of Sif Muna.
  2782 | D:3      | HP: 2/42 [orc/+1 trident of protection (3)]
  2784 | D:3      | Killed from afar by an orc priest

Illustrated notes

Levels and vault maps discovered:
D:1:      dpeg_arrival_caged_fury, layout_basic
D:2:      layout_loops_ring, chequers_serial_rivers_room_a,
          minmay_stone_trees_small, hangedman_decor_growths,
          uniq_crazy_yiuf_cottage, uniq_jessica, uniq_terence, uniq_robin
D:3:      cheibrodos_pilgrimage, layout_loops_ring, led_sif_book,
          minmay_diced_spiral

Skill      XL: |  1  2  3  4  5 |
---------------+----------------+-----
Long Blades    | 2 3 |  3.2
Armour         | 3 |  3.8
Shields        | 3 |  3.8
Fighting       | 4 |  4.1

Action                   |  1- 3 |  4- 6 || total
-------------------------+-------+-------++-------
Melee: Long sword        |   114 |   193 ||   307
       Headbutt          |    16 |    33 ||    49
Armor: Scale mail        |    50 |   124 ||   174
Dodge: Dodged            |    39 |    72 ||   111
Block: Kite shield       |    58 |   106 ||   164
       Rpst.: Long sword |    15 |    19 ||    34

Table legend:
 A = Non-vault XP
 B = Vault XP
 C = Vault XP percentage of total XP
 D = Non-vault monster count
 E = Vault monster count
 F = Vault count percentage of total count
                 A         B        C        D         E       F
            +---------+---------+-------+---------+---------+-------
      Total |     152 |     219 |  59.0 |      56 |      35 |  38.5
            +---------+---------+-------+---------+---------+-------
        D:1 |      41 |      55 |  57.3 |      21 |      19 |  47.5
        D:2 |      65 |     144 |  68.9 |      19 |      12 |  38.7
        D:3 |      46 |      20 |  30.3 |      16 |       4 |  20.0
            +---------+---------+-------+---------+---------+-------
